 Dungeon Crawl Stone Soup version 0.30-a0-390-g80c34de65d (webtiles) character file.

Game seed: 5650250930512230067

14 ytrimaz the Cudgeller (level 2, -2/23 HPs)
             Began as a Djinni Reaver on Dec 4, 2022.
             Slain by a kobold
             ... wielding a +0 dagger
              (3 damage)
             ... on level 2 of the Dungeon.
             The game lasted 00:01:07 (674 turns).

ytrimaz the Cudgeller (Djinni Reaver)                Turns: 674, Time: 00:01:08

Health: -2/23      AC:  4    Str: 11    XL:     2   Next: 60%
Gold:   18         EV: 11    Int: 14    God:
                   SH:  5    Dex: 11

rFire   + + .      SeeInvis .    a - +0 mace
rCold   x . .      Faith    .    (no shield)
rNeg    . . .      Spirit   .    b - +0 leather armour
rPois   ∞          Reflect  +    f - +1 hat
rElec   .          Harm     .    (no cloak)
rCorr   .          Rampage  .    (no gloves)
Will    +....                    (boots unavailable)
Stlth   +.........               g - amulet of reflection
HPRegen 0.23/turn                c - ring of willpower
MPRegen 0.00/turn                (no ring)

@: flying
A: sickness immunity, fire resistance 2, cold vulnerability 1, float, innate
caster, HP casting, extra vitality 1
a: no special abilities


You were on level 2 of the Dungeon.
You visited 1 branch of the dungeon, and saw 2 of its levels.

You collected 18 gold pieces.


Innate Abilities, Weirdness & Mutations

You are immune to sickness and miasma.
You are immune to poison.
Your flesh is very heat resistant. (rF++)
You are vulnerable to cold. (rC-)
You float through the air rather than walking.
You learn spells naturally, not from books.
Your magical power is your life essence.
You have superior vitality. (+4 MHP)


   Skills:
 + Level 2.2 Fighting
 + Level 2.5 Maces & Flails
 + Level 2.5 Dodging
 + Level 2.5 Spellcasting


You couldn't memorise any spells.
You knew the following spells:

 Your Spells              Type           Power      Damage    Failure   Level
a - Kiss of Death         Conj/Necr      36%        2d8       11%         1
b - Momentum Strike       Conj/Tloc      18%        3d8       16%         2
c - Hailstorm             Conj/Ice       9%         3d4       30%         3
Your spell library was empty.

Inventory:

Hand Weapons
 a - a +0 mace (weapon)
Armour
 b - a +0 leather armour (worn)
 f - a +1 hat (worn)
   (You found it on level 1 of the Dungeon)
Jewellery
 c - a ring of willpower (left hand)
   (You found it on level 1 of the Dungeon)
 g - an amulet of reflection (around neck)
   (You found it on level 1 of the Dungeon)
Scrolls
 d - 3 scrolls of identify
 h - a scroll of teleportation
Potions
 i - a potion of curing

Dungeon Overview and Level Annotations

Branches:
Dungeon (2/15) Zot: 11313

Altars:

# . # .#
##.#####+##.#
............#
#.........#
+....K....#
#...)@w...#
#.........#
#...?....##
#........#
#........#
##########


You could see a worm and a kobold.


Message History

h - a scroll labelled VOTAGG CUFE A dart slug comes into view.
A dart slug is nearby!
A dart slug is nearby!
You sock the dart slug! You block the dart slug's attack.
You hit the dart slug but do no damage. The dart slug launches a dart at you.
The slug dart hits you but does no damage.
A dart slug is nearby!
You hit the dart slug.
You kill the dart slug!
Key pressed, stopping explore.
An endoplasm comes into view.
Unknown command.
The endoplasm quivers.
An endoplasm is nearby!
An endoplasm is nearby!
You barely miss the endoplasm. The endoplasm freezes you.
You are frozen.
You feel a terrible chill! 😮 HP[-6]
You take 6 damage, and now have 17/23 hp.
MASSIVE DAMAGE!! (PAUSE)
You hit the endoplasm but do no damage. You block the endoplasm's attack.
The endoplasm freezes you.
You are frozen!
You feel a terrible chill!
* * * LOW HITPOINT WARNING * * *
😨 HP[-6]
You take 6 damage, and now have 11/23 hp.
MASSIVE DAMAGE!! (PAUSE)
You sock the endoplasm!
You kill the endoplasm!
Unknown command.
i - a clear potion 😎 HP[+12]
Your hp is fully restored (23).
You reach down and open the door.
There is an open door here.
Key pressed, stopping explore.
You see here a +0 ring mail.
Key pressed, stopping explore.
Key pressed, stopping explore.
You see here a +0 ring mail.
There is an open door here.
There is an open door here.
Key pressed, stopping explore.
You see here a +0 short sword of draining.
Done exploring.
Done exploring.
Done exploring.
Casting: Momentum Strike (safe; 16% risk of failure)
Confirm with . or Enter, or press ? or * to list all spells.
Okay, then.
As you read the scroll labelled DANNYI UGREI, it crumbles to dust.
It is a scroll of identify.
h - a scroll of teleportation
As you read the scroll of identify, it crumbles to dust.
e - 2 potions of flight Unknown command.
As you read the scroll of identify, it crumbles to dust.
i - a potion of curing Unknown command.
You drop 2 potions of flight.
Done exploring.
Done exploring.
Done exploring.
There is an open door here.
There is an open door here.
There is a stone staircase leading down here.
You fly downwards.
The kobold shouts! x2
There is a stone staircase leading up here.
There are monsters nearby!
You barely miss the kobold. The kobold hits you but does no damage.
The kobold hits you with a +0 dagger. 😕 HP[-3]
You take 3 damage, and now have 20/23 hp.
You closely miss the kobold. The kobold closely misses you.
The kobold hits you with a +0 dagger. 😮 HP[-3]
You take 3 damage, and now have 17/23 hp.
You hit the kobold.
You kill the kobold!
The kobold closely misses you.
You closely miss the kobold. The kobold barely misses you. The worm bites you.
The kobold misses you. 😮 HP[-3]
You take 3 damage, and now have 14/23 hp.
You barely miss the kobold. The kobold hits you with a +0 dagger.
* * * LOW HITPOINT WARNING * * *
The worm barely misses you. 😨 HP[-3]
You take 3 damage, and now have 11/23 hp.
You closely miss the kobold. The kobold hits you but does no damage.
You hit the kobold. The kobold hits you but does no damage. The worm bites you!
* * * LOW HITPOINT WARNING * * *
The kobold hits you with a +0 dagger.
You die...

Action                   || total
-------------------------++-------
Melee: Mace              ||    44
 Cast: Momentum Strike   ||     1
  Use: Scroll            ||     3
Armor: Leather armour    ||    12
Dodge: Dodged            ||    21
Block: Other             ||     8

Levels and vault maps discovered:
D:1:      onia_arrival_pyramid, layout_basic
D:2:      minmay_chambers_of_ones, layout_basic, kennysheep_generic_room_9

Notes
Turn   | Place    | Note
-------+----------+-------------------------------------------
     0 | D:1      | ytrimaz the Djinni Reaver began the quest for the Orb.
     0 | D:1      | ytrimaz set off with the following spells memorised: Kiss
                  | of Death, Momentum Strike, Hailstorm.
     0 | D:1      | Reached XP level 1. HP: 18/18 MP: 0/0
     0 | D:1      | magus.rc [v1.9.6]
   232 | D:1      | Reached XP level 2. HP: 23/23 MP: 0/0
   674 | D:2      | HP: 1/23 [worm (10)]
   674 | D:2      | Slain by a kobold

Vanquished Creatures
  A dart slug (D:1)
  4 endoplasms (D:1)
  2 goblins (D:1)
  A ball python (D:1)
  A frilled lizard (D:1)
  2 kobolds
  A rat (D:1)
12 creatures vanquished.

Vanquished Creatures (others)
  A bat (D:1)
1 creature vanquished.

Grand Total: 13 creatures vanquished

Table legend:
 A = Non-vault XP
 B = Vault XP
 C = Vault XP percentage of total XP
 D = Non-vault monster count
 E = Vault monster count
 F = Vault count percentage of total count
                 A         B        C        D         E       F
            +---------+---------+-------+---------+---------+-------
      Total |      21 |       0 |   0.0 |      12 |       0 |   0.0
            +---------+---------+-------+---------+---------+-------
        D:1 |      20 |       0 |   0.0 |      11 |       0 |   0.0
        D:2 |       1 |       0 |   0.0 |       1 |       0 |   0.0
            +---------+---------+-------+---------+---------+-------

Illustrated notes

Table legend:
 A = Kills in this place as a percentage of kills in entire the game.
 B = Kills by you in this place as a percentage of kills by you in the entire game.
 C = Kills by friends in this place as a percentage of kills by friends in the entire game.
 D = Other kills in this place as a percentage of other kills in the entire game.
 E = Experience gained in this place as a percentage of experience gained in the entire game.
 F = Experience gained in this place divided by the number of levels of this place that you have seen.
                   A       B       C       D       E      F
               +-------+-------+-------+-------+-------+----------------------
         Total | 100.0 | 100.0 |   N/A |   N/A | 100.0 |  10.5
       Dungeon | 100.0 | 100.0 |   N/A |   N/A | 100.0 |  10.5
               +-------+-------+-------+-------+-------+----------------------

Table legend: (Time is in decaauts)
 A = Elapsed time spent in this place.
 B = Non-inter-level travel time spent in this place.
 C = Inter-level travel time spent in this place.
 D = Time resting spent in this place.
 E = Time spent auto-exploring this place.
 F = Levels seen in this place.
 G = Mean time per level.
                   A        B        C        D        E       F      G
               +--------+--------+--------+--------+--------+-----+--------+
         Total |    684 |    656 |     28 |      0 |    493 |   2 |  342.0 |
       Dungeon |    684 |    656 |     28 |      0 |    493 |   2 |  342.0 |
               +--------+--------+--------+--------+--------+-----+--------+

Top non-repeatable levels by time:
     D:1: 676 daAuts
     D:2: 8 daAuts
